 Dungeon Crawl Stone Soup version 0.20.1-1-g8b1a95d (webtiles) character file.

8389 greprep the Fighter (level 11, -1/110 HPs)
             Began as a Minotaur Fighter on July 24, 2017.
             Was a Believer of Ashenzari.
             Slain by a two-headed ogre
             ... wielding a +0 giant club
              (17 damage)
             ... on level 10 of the Dungeon.
             The game lasted 00:17:31 (9240 turns).

greprep the Fighter (Minotaur Fighter)              Turns: 9240, Time: 00:17:32

Health: -1/110     AC: 11    Str: 26    XL:     11   Next: 9%
Magic:  10/10      EV:  8    Int:  8    God:    Ashenzari [**....]
Gold:   467        SH: 11    Dex:  7    Spells: 10/10 levels left

rFire    . . .     SeeInvis .   K - +10 trident of the Dwarven Hall {venom, Str+5 Dex-3} (curse)
rCold    . . .     Gourm    .   c - +0 shield (curse)
rNeg     . . .     Faith    .   b - +0 scale mail (curse)
rPois    +         Spirit   .   (helmet restricted)
rElec    .         Reflect  .   M - +0 cloak {rPois}
rCorr    .         Harm     .   t - +0 pair of gloves
MR       .....                  C - +0 pair of boots
Stlth    ..........             (no amulet)
Regen    0.3/turn               L - +1 ring of protection
MPRegen  0.2/turn               l - ring of wizardry

@: slowed, very slow
A: retaliatory headbutt, horns 2
a: Curse Item, Scrying, Renounce Religion


You were on level 10 of the Dungeon.
You worshipped Ashenzari.
Ashenzari was pleased with you.
You were hungry.

You visited 2 branches of the dungeon, and saw 11 of its levels.

You collected 557 gold pieces.
You spent 90 gold pieces at shops.

Inventory:

Hand Weapons
 K - the cursed +10 trident of the Dwarven Hall (weapon) {venom, Str+5 Dex-3}
   (You found it on level 6 of the Dungeon)

   It poisons the flesh of those it strikes.
   It affects your strength (+5).
   It affects your dexterity (-3).
   It has a curse placed upon it.
 N - a +0 great sword
 T - a +0 long sword of electrocution
 W - a +0 scimitar of flaming
Armour
 b - a cursed +0 scale mail (worn)
 c - a cursed +0 shield (worn)
 t - a +0 pair of gloves (worn)
 C - a +0 pair of boots (worn)
 M - a +0 cloak of poison resistance (worn)
Magical Staves
 a - an uncursed staff of wizardry
 A - an uncursed staff of air
Jewellery
 l - a ring of wizardry (right hand)
 J - an uncursed ring of poison resistance
 L - a +1 ring of protection (left hand)
 R - an uncursed ring of resist corrosion
 Z - an uncursed amulet of magic regeneration
Wands
 r - a wand of scattershot (5/9)
 I - a wand of flame (20/48)
 P - a wand of random effects (17/48)
 V - a wand of iceblast (6/15)
 X - a wand of digging (14/24)
Scrolls
 g - a scroll of blinking {unknown}
 o - 2 scrolls of magic mapping {unknown}
 q - a scroll of amnesia {unknown}
 s - 6 scrolls of teleportation {unknown}
 x - 2 scrolls of random uselessness {unknown}
 y - 2 scrolls of fear {unknown}
 D - 2 scrolls of enchant weapon {unknown}
 E - 2 scrolls of immolation {unknown}
 F - 2 scrolls of recharging {unknown}
 H - a scroll of enchant armour {unknown}
 O - a scroll of remove curse
 Q - 2 scrolls of identify
Potions
 d - a potion of might
 e - 3 potions of lignification
 h - 2 potions of brilliance
 j - 3 potions of mutation {unknown}
 k - 3 potions of cancellation
 m - 2 potions of heal wounds {unknown}
 p - 2 potions of agility
 u - 2 potions of flight {unknown}
 v - 3 potions of haste {unknown}
 w - a potion of degeneration {unknown}
 B - 6 potions of curing
 U - a potion of resistance {unknown}
 Y - a potion of ambrosia {unknown}
Books
 z - a book of Cantrips

   Spells                             Type                      Level
   a - Confusing Touch                Hexes                        1
   b - Animate Skeleton               Necromancy                   1
   c - Summon Small Mammal            Summoning                    1
   d - Apportation                    Translocation                1
 S - a book of Misfortune

   Spells                             Type                      Level
   a - Confusing Touch                Hexes                        1
   b - Confuse                        Hexes                        3
   c - Gell's Gravitas                Translocation                3
   d - Petrify                        Transmutation/Earth          4
   e - Metabolic Englaciation         Hexes/Ice                    5
   f - Yara's Violent Unravelling     Hexes/Transmutation          5
Comestibles
 f - 5 bread rations
 i - 7 fruits
 n - 10 royal jellies
 G - 5 meat rations


   Skills:
 + Level 14.1 Fighting
 - Level 6.1 Long Blades
 + Level 12.2(14.2) Polearms
 - Level 3.6 Armour
 - Level 6.4(7.9) Shields


You had 10 spell levels left.
You didn't know any spells.

Dungeon Overview and Level Annotations

Branches:
Dungeon (10/15)            Temple (1/1) D:5             Orc (0/2) D:9
   Lair: D:8-11

Altars:
Ashenzari
Elyvilon
Fedhas
Gozag
Hepliaklqana
Kikubaaqudgha
Makhleb
Nemelex Xobeh
Qazlal
Ru
Sif Muna
Trog
Uskayaw
Vehumet
Yredelemnul
Zin

Shops:
D:5 *   D:6 (

Annotations:
D:10 Sonja


Innate Abilities, Weirdness & Mutations

You reflexively headbutt those who attack you in melee.
You have a pair of horns on your head.


Message History

You block the two-headed ogre's attack.
The two-headed ogre hits you with a giant club.
* * * LOW HITPOINT WARNING * * *
Sonja shoots a curare-tipped needle.
The curare-tipped needle completely misses you.
You see here a curare-tipped needle.
You feel sick.
Sonja shoots a curare-tipped needle.
The curare-tipped needle hits you.
The two-headed ogre hits you with a giant club!
* * * LOW HITPOINT WARNING * * *
The two-headed ogre closely misses you.
Sonja shoots a curare-tipped needle.
The curare-tipped needle hits you.
You see here a curare-tipped needle.
You feel sick.
You are no longer poisoned.
Sonja shoots a curare-tipped needle.
The curare-tipped needle closely misses you.
You see here a curare-tipped needle.
The two-headed ogre hits you with a giant club!
You die...

...####..(.###### * ,
#...(#....# , ,
#....#....# , ..
#....#....# ,,, * ...
#...K#....#, , , *
...####....'....# , ,
...........###### * ,
.........########### ,
.........'..(.(O@..# ,
..###....#.....K...#
.........#.........#,
,*
.........#........=#,
,*
.........+.........#,,
.........########### ,
##########, *** * , ,
, * , , , , , * , , *


You could see a two-headed ogre and Sonja.

Vanquished Creatures
  A two-headed ogre (D:8)
  Erica (D:8)
  Maurice (D:8)
  A queen bee (D:8)
  2 hippogriffs
  Eustachio (D:6)
  Grum (D:8)
  A hungry ghost (D:8)
  Menkaure (D:7)
  Duvessa (D:6)
  2 water moccasins (D:7)
  8 orc warriors
  3 ice beasts
  3 sky beasts
  4 ogres (D:6)
  4 wolves (D:8)
  2 big kobolds (D:7)
  3 bullfrogs
  A gnoll sergeant (D:7)
  Dowan (D:6)
  A scorpion (D:4)
  3 wights (D:7)
  23 killer bees
  2 howler monkeys (D:7)
  A centaur zombie (D:8)
  6 crimson imps
  2 hounds (D:9)
  A quasit (D:6)
  A centaur skeleton (D:5)
  2 jellies
  Crazy Yiuf (D:6)
  11 orc priests
  2 iguanas
  Jessica (D:3)
  Natasha (thrice) (D:4)
  8 orc wizards
  11 worker ants
  A hound zombie (D:7)
  A hound skeleton (D:6)
  Robin (D:3)
  A howler monkey zombie (D:7)
  3 gnolls (D:3)
  6 adders
  A shadow imp (D:8)
  3 oozes
  A worm (D:3)
  The ghost of equalderp2856 the Sneak, a weakling FoAs (D:6)
  An adder skeleton (D:7)
  3 dart slugs
  4 leopard geckos
  46 orcs
  2 ball pythons
  7 bats
  6 giant cockroaches
  19 goblins
  9 hobgoblins
  9 jackals
  2 quokkas
  A ball python skeleton (D:4)
  5 frilled lizards
  4 kobolds
  A leopard gecko zombie (D:7)
  2 quokka skeletons
  10 rats
271 creatures vanquished.

Vanquished Creatures (others)
  An orc priest (D:5)
  An iguana (D:5)
  2 orcs (D:5)
4 creatures vanquished.

Grand Total: 275 creatures vanquished

Notes
Turn   | Place    | Note
-------+----------+-------------------------------------------
     0 | D:1      | greprep the Minotaur Fighter began the quest for the Orb.
     0 | D:1      | Reached XP level 1. HP: 19/19 MP: 0/0
    90 | D:1      | Reached XP level 2. HP: 27/27 MP: 1/1
   118 | D:1      | Reached skill level 4 in Fighting
   642 | D:2      | Found a sacrificial altar of Ru.
   652 | D:2      | Reached XP level 3. HP: 31/34 MP: 2/2
  1103 | D:2      | Reached skill level 5 in Fighting
  1103 | D:2      | Reached XP level 4. HP: 33/42 MP: 3/3
  1169 | D:2      | Found a sparkling altar of Nemelex Xobeh.
  1494 | D:3      | Found an opulent altar of Gozag.
  1547 | D:3      | Noticed Robin
  1581 | D:3      | Killed Robin
  1702 | D:3      | Found a radiant altar of Vehumet.
  1887 | D:3      | Reached XP level 5. HP: 35/49 MP: 4/4
  2344 | D:3      | Noticed Jessica
  2353 | D:3      | Killed Jessica
  2353 | D:3      | Reached skill level 5 in Long Blades
  2480 | D:3      | Reached skill level 6 in Fighting
  2694 | D:4      | Reached XP level 6. HP: 56/58 MP: 5/5
  2990 | D:4      | Found Zin's Purification Station.
  3159 | D:4      | Found a glowing silver altar of Zin.
  3162 | D:4      | Noticed Natasha
  3169 | D:4      | Killed Natasha
  3169 | D:4      | Reached skill level 7 in Fighting
  3199 | D:4      | Bought a potion of curing for 90 gold pieces
  3204 | D:4      | Noticed Natasha
  3208 | D:4      | Killed Natasha
  3504 | D:4      | Reached XP level 7. HP: 40/66 MP: 6/6
  3516 | D:4      | Noticed Natasha
  3522 | D:4      | Killed Natasha
  3783 | D:5      | Entered Level 5 of the Dungeon
  3843 | D:5      | Reached skill level 5 in Shields
  3875 | D:5      | Reached skill level 8 in Fighting
  4053 | D:5      | Found Ythi Ryc's Assorted Antiques.
  4392 | D:5      | Found a staircase to the Ecumenical Temple.
  4401 | Temple   | Entered the Ecumenical Temple
  4417 | Temple   | Became a worshipper of Ashenzari the Shackled
  4721 | D:6      | Got the trident of the Dwarven Hall {venom, Str+5 Dex-3}
  4722 | D:6      | Identified the +10 trident of the Dwarven Hall {venom, Str+5 Dex-3} (You found it on level 6 of the Dungeon)
  4761 | D:6      | Found Zext's Antique Weapon Emporium.
  4770 | D:6      | Noticed Eustachio
  4791 | D:6      | Reached skill level 1 in Polearms
  4791 | D:6      | Reached XP level 8. HP: 59/75 MP: 7/7
  4797 | D:6      | Killed Eustachio
  4797 | D:6      | Reached skill level 9 in Fighting
  4842 | D:6      | Noticed equalderp2856's ghost (weakling FoAs)
  4846 | D:6      | Killed equalderp2856's ghost
  4867 | D:6      | Noticed a hippogriff
  4875 | D:6      | Killed a hippogriff
  4991 | D:6      | Reached skill level 5 in Polearms
  5058 | D:6      | Noticed Dowan
  5061 | D:6      | Noticed Duvessa
  5064 | D:6      | Killed Duvessa
  5064 | D:6      | Reached skill level 10 in Fighting
  5066 | D:6      | Killed Dowan
  5191 | D:6      | Reached XP level 9. HP: 86/86 MP: 8/8
  5363 | D:6      | Found a bloodstained altar of Trog.
  5363 | D:6      | Found a white marble altar of Elyvilon.
  5571 | D:6      | Found a runed door.
  5698 | D:6      | Noticed Crazy Yiuf
  5701 | D:6      | Killed Crazy Yiuf
  5782 | D:7      | Reached * piety under Ashenzari
  5887 | D:7      | Noticed Menkaure
  5893 | D:7      | Killed Menkaure
  5907 | D:7      | Reached skill level 11 in Fighting
  6307 | D:7      | Identified the cursed +1 chain mail of the Robin {Stlth+} (You took it off a big kobold on level 7 of the Dungeon)
  6314 | D:7      | Reached skill level 12 in Fighting
  6489 | D:7      | Found a basalt altar of Yredelemnul.
  6768 | D:7      | Reached XP level 10. HP: 97/97 MP: 9/9
  6981 | D:8      | Noticed Erica
  7001 | D:8      | Killed Erica
  7001 | D:8      | Reached skill level 10 in Polearms
  7216 | D:8      | Noticed Grum
  7227 | D:8      | Killed Grum
  7236 | D:8      | Reached skill level 13 in Fighting
  7282 | D:8      | Reached ** piety under Ashenzari
  7545 | D:8      | Noticed Maurice
  7554 | D:8      | Killed Maurice
  7678 | D:8      | Noticed a two-headed ogre
  7684 | D:8      | Killed a two-headed ogre
  8285 | D:9      | Found a blossoming altar of Fedhas.
  8607 | D:9      | Reached skill level 14 in Fighting
  8608 | D:9      | Reached XP level 11. HP: 80/110 MP: 10/10
  8730 | D:9      | Found a staircase to the Orcish Mines.
  9027 | D:9      | Found a burning altar of Makhleb.
  9185 | D:10     | Entered Level 10 of the Dungeon
  9217 | D:10     | Noticed Sonja
  9218 | D:10     | Noticed a two-headed ogre
  9240 | D:10     | Slain by a two-headed ogre

Skill      XL: |  1  2  3  4  5  6  7  8  9 10 11 |
---------------+----------------------------------+-----
Long Blades    | 3 4 5 6 |  6.1
Fighting       | 4 5 6 7 8 10 12 14 | 14.1
Shields        | 4 6 |  6.4
Polearms       | 1 6 9 11 12 | 12.2
Armour         | |  3.6

Action                   |  1- 3 |  4- 6 |  7- 9 | 10-12 || total
-------------------------+-------+-------+-------+-------++-------
Melee: Long sword        |    93 |   162 |    81 |       ||   336
       Headbutt          |    12 |    31 |    39 |    24 ||   106
       Trident           |       |       |   235 |   205 ||   440
Invok: Curse Item        |       |       |     3 |       ||     3
  Use: Scroll            |       |       |     3 |       ||     3
  Eat: Chunk             |       |     4 |     6 |     4 ||    14
       Bread ration      |       |     1 |     1 |     1 ||     3
Armor: Scale mail        |    28 |    63 |   103 |    36 ||   230
Dodge: Dodged            |    25 |    61 |    81 |    28 ||   195
Block: Shield            |    51 |    80 |   129 |    54 ||   314
       Rpst.: Long sword |     7 |    16 |     5 |       ||    28
